 Dungeon Crawl Stone Soup version 0.25-a0-842-g81a31cfd23 (webtiles) character file.

Game seed: 15035502680838038711, levelgen mode: classic

170 Amnesiac the Gusty (level 5, 0/28 HPs)
             Began as a Deep Elf Air Elementalist on Apr 24, 2020.
             Slain by a killer bee zombie (7 damage)
             ... on level 5 of the Dungeon.
             The game lasted 00:05:50 (2152 turns).

Amnesiac the Gusty (Deep Elf Air Elementalist)      Turns: 2152, Time: 00:05:50

Health: 0/28       AC:  2    Str:  5    XL:     5   Next: 25%
Magic:  1/14       EV: 13    Int: 21    God:
Gold:   71         SH:  0    Dex: 15    Spells: 1/13 levels left

rFire    . . .     SeeInvis .   g - +0 falchion
rCold    . . .     Gourm    .   (no shield)
rNeg     . . .     Faith    .   a - +0 robe
rPois    .         Spirit   .   (no helmet)
rElec    .         Reflect  .   (no cloak)
rCorr    .         Harm     .   (no gloves)
MR       .....                  (no boots)
Stlth    ++........             (no amulet)
HPRegen  0.09/turn              (no ring)
MPRegen  0.14/turn              (no ring)

@: swift, very slightly contaminated, quick
A: no striking features
a: no special abilities


You were on level 5 of the Dungeon.
You were hungry.

You visited 1 branch of the dungeon, and saw 5 of its levels.

You collected 71 gold pieces.

Inventory:

Hand Weapons
 g - a +0 falchion (weapon)
Armour
 a - a +0 robe (worn)
Wands
 l - a wand of flame (7)
Scrolls
 e - a scroll of identify {!r, unknown}
 f - a scroll of enchant armour {!r, unknown}
 h - 2 scrolls of teleportation {!r, unknown}
 i - a scroll of enchant weapon {!r, unknown}
 j - 3 scrolls of remove curse {!r, unknown}
Potions
 b - a potion of degeneration {!q, unknown}
 d - 2 potions of curing {!q, unknown}
 k - 2 potions of lignification {!q, unknown}
Comestibles
 c - 7 rations
 m - 6 chunks of flesh


   Skills:
 - Level 2.4 Dodging
 - Level 2.4 Stealth
 + Level 4.9 Spellcasting
 - Level 1.1 Conjurations
 * Level 5.2 Air Magic


You had one spell level left.
You knew the following spells:

 Your Spells              Type           Power        Failure   Level  Hunger
a - Shock                 Conj/Air       ###.         3%          1    None
b - Lightning Bolt        Conj/Air       ###.......   63%         5    #####..
e - Airstrike             Air            ####......   13%         4    ####...
z - Swiftness             Chrm/Air       ###.....     5%          2    None

Your spell library contained the following spells:

 Spells                   Type           Power        Failure   Level  Hunger
 Static Discharge         Conj/Air       ###.....     9%          3    ##.....


Dungeon Overview and Level Annotations

Branches:
Dungeon (5/15)
 Temple: D:4-7

Altars:
Elyvilon
Kikubaaqudgha
Vehumet
Yredelemnul

Annotations:
D:5 Grinder


Message History

Press: ? - help, Dir - move target cursor, f - worker ant
Aim: a worker ant You miscast Airstrike.
You are very lightly contaminated with residual magic.
Nothing appears to happen.
You are feeling hungry.
Casting: Airstrike (dangerous; 13% risk of failure)
Confirm with . or Enter, or press ? or * to list all spells.
Aiming: Airstrike (dangerous; 13% risk of failure)
Press: ? - help, Dir - move target cursor, f - Grinder
Aim: Grinder The air twists around and strikes Grinder!
Grinder is moderately wounded.
Casting: Airstrike (dangerous; 13% risk of failure)
Confirm with . or Enter, or press ? or * to list all spells.
Aiming: Airstrike (dangerous; 13% risk of failure)
Press: ? - help, Dir - move target cursor, f/p - Grinder
Aim: Grinder (moderately wounded)
The air twists around and strikes Grinder!
Grinder is severely wounded.
Grinder blinks!
There is an open door here.
You open the door.
A killer bee zombie comes into view.
There is an open door here.
A killer bee zombie is nearby!
Casting: Airstrike (dangerous; 13% risk of failure)
Confirm with . or Enter, or press ? or * to list all spells.
Aiming: Shock (safe; 3% risk of failure)
Press: ? - help, Shift-Dir - straight line, f - killer bee zombie
Aim: a killer bee zombie (hasn't noticed you)
The zap misses the killer bee zombie.
Casting: Shock (safe; 3% risk of failure)
Confirm with . or Enter, or press ? or * to list all spells.
You don't have enough magic to cast that spell.
Evoke which item? (* to show all) (? for menu, Esc to quit)
Aiming: Throw Flame
Press: ? - help, Shift-Dir - straight line, f/p - killer bee zombie
Aim: a killer bee zombie The puff of flame hits the killer bee zombie!
The killer bee zombie is moderately damaged.
Evoke which item? (* to show all) (? for menu, Esc to quit)
Aiming: Throw Flame
Press: ? - help, Shift-Dir - straight line, f - Grinder, p - killer bee zombie
Aim: Grinder (heavily wounded)
The puff of flame misses Grinder.
Evoke which item? (* to show all) (? for menu, Esc to quit)
Aiming: Throw Flame
Press: ? - help, Shift-Dir - straight line, f/p - Grinder
Aim: Grinder (heavily wounded)
The puff of flame hits Grinder.
Grinder is severely wounded.
The killer bee zombie hits you!
* * * LOW HITPOINT WARNING * * *
The killer bee zombie hits you.
* * * LOW HITPOINT WARNING * * *
Casting: Shock (safe; 3% risk of failure)
Confirm with . or Enter, or press ? or * to list all spells.
You feel quick.
The killer bee zombie completely misses you.
You riposte.
You miss the killer bee zombie.
The killer bee zombie is moderately damaged.
Grinder closely misses you. The killer bee zombie hits you!
You die...

#.#....≈≈≈≈....<#
+...⌠..≈.≈......#
#...5.......##.##
..#.##.##'###.#
#........#.....#
#........#.....#
+........#.....#
#####a.###.#######+#.
#..###.#5@.......
........'.Z.......
§.......#.........
§.......#.........
§.......#.........
§.......#.........
###+#####.........
..#+###### ..#


You could see Grinder and a killer bee zombie.

Vanquished Creatures
  A bullfrog skeleton (D:4)
  An orc wizard (D:4)
  An orc priest (D:4)
  A gnoll (D:2)
  3 adders
  An adder skeleton (D:4)
  A worm (D:2)
  A dart slug (D:1)
  6 orcs
  A giant cockroach (D:4)
  3 goblins
  7 hobgoblins
  2 jackals (D:3)
  A quokka (D:4)
  2 ball pythons (D:4)
  A bat (D:2)
  A kobold (D:2)
  7 rats
41 creatures vanquished.

Notes
Turn   | Place    | Note
-------+----------+-------------------------------------------
     0 | D:1      | Amnesiac the Deep Elf Air Elementalist began the quest for
                  | the Orb.
     0 | D:1      | Reached XP level 1. HP: 10/10 MP: 6/6
   363 | D:2      | Reached XP level 2. HP: 5/15 MP: 2/8
   891 | D:2      | Reached XP level 3. HP: 19/19 MP: 7/10
   895 | D:2      | Learned a level 2 spell: Swiftness
  1046 | D:3      | Reached skill level 4 in Air Magic
  1252 | D:3      | You fall into a shaft and drop 1 floor!
  1275 | D:4      | Found a basalt altar of Yredelemnul.
  1319 | D:4      | Found a radiant altar of Vehumet.
  1359 | D:4      | Found a white marble altar of Elyvilon.
  1435 | D:4      | Reached XP level 4. HP: 24/24 MP: 8/12
  1450 | D:3      | Learned a level 4 spell: Airstrike
  1645 | D:5      | Entered Level 5 of the Dungeon
  1853 | D:4      | Reached skill level 5 in Air Magic
  1853 | D:4      | Reached XP level 5. HP: 19/28 MP: 1/14
  1896 | D:4      | Learned a level 5 spell: Lightning Bolt
  2130 | D:5      | Found an ancient bone altar of Kikubaaqudgha.
  2132 | D:5      | Noticed Grinder
  2152 | D:5      | Slain by a killer bee zombie

Levels and vault maps discovered:
D:1:      tarquinn_simple_flora_water_f, layout_loops_ring
D:2:      layout_basic
D:3:      layout_rooms, led_sif_book, first_ration, fedhas_altar_4
D:4:      layout_rooms, kennysheep_ying_yang, vehumet_altar_wand_db,
          lemuel_coloured_pillars_altar, serial_forest,
          infiniplex_forest_lined_3_way, infiniplex_forest_straight_3,
          infiniplex_forest_clump_small, infiniplex_forest_join,
          infiniplex_forest_straight_5, infiniplex_forest_clump_small
D:5:      layout_gridville, nicolae_overflow_hidden_temple,
          evilmike_ruin_ashenzari, kiku_gazebo_pond_becter,
          grunt_dithmenos_smoke, uniq_grinder, uniq_ijyb

Skill      XL: |  1  2  3  4 |
---------------+-------------+-----
Air Magic      | 4 5 |  5.2
Spellcasting   | 4 |  4.9
Dodging        | |  2.4
Stealth        | |  2.4
Conjurations   | |  1.1

Action                   |  1- 3 |  4- 6 || total
-------------------------+-------+-------++-------
Melee: Falchion          |     1 |     8 ||     9
 Cast: Shock             |    71 |    11 ||    82
       Airstrike         |       |    10 ||    10
       Swiftness         |       |     1 ||     1
Evoke: Wand              |       |     3 ||     3
  Eat: Chunk             |     1 |     4 ||     5
Armor: Robe              |     2 |     1 ||     3
Dodge: Dodged            |    21 |    16 ||    37
       Rpst.: Falchion   |     3 |     4 ||     7

Table legend:
 A = Non-vault XP
 B = Vault XP
 C = Vault XP percentage of total XP
 D = Non-vault monster count
 E = Vault monster count
 F = Vault count percentage of total count
                 A         B        C        D         E       F
            +---------+---------+-------+---------+---------+-------
      Total |     241 |       2 |   0.8 |      40 |       1 |   2.4
            +---------+---------+-------+---------+---------+-------
        D:1 |       8 |       0 |   0.0 |       4 |       0 |   0.0
        D:2 |      41 |       0 |   0.0 |      10 |       0 |   0.0
        D:3 |      37 |       0 |   0.0 |      13 |       0 |   0.0
        D:4 |     155 |       2 |   1.3 |      13 |       1 |   7.1
            +---------+---------+-------+---------+---------+-------
